 Dungeon Crawl Stone Soup version 0.18.1-48-g4cf74bf (webtiles) character file.

256 WarriorsX the Slasher (level 6, -1/49 HPs)
             Began as a Human Fighter on July 30, 2016.
             Killed from afar by an orc wizard (4 damage)
             ... with a magic dart
             ... on level 4 of the Dungeon.
             The game lasted 00:05:10 (2732 turns).

WarriorsX the Slasher (Human Fighter)               Turns: 2732, Time: 00:05:11

Health: -1/49      AC:  7    Str: 18    XL:     6   Next: 38%
Magic:  6/6        EV:  2    Int:  9    God:
Gold:   126        SH:  9    Dex: 12    Spells: 0 memorised, 5 levels left

rFire  . . .     SeeInvis .     a - +0 long sword
rCold  . . .     Gourm    .     b - +0 scale mail
rNeg   . . .     Faith    .     c - +0 shield
rPois  .         Spirit   .     (no helmet)
rElec  .         Dismiss  .     (no cloak)
rCorr  .         Reflect  .     m - +0 pair of gloves
SustAt .         Harm     .     (no boots)
MR     .....                    r - amulet of regeneration
Stlth  ..........               (no ring)
                                (no ring)

@: starving, not resistant to hostile enchantments, extremely unstealthy
A: no striking features
a: no special abilities


You were on level 4 of the Dungeon.
You were starving.

You visited 1 branch of the dungeon, and saw 4 of its levels.

You collected 126 gold pieces.

Inventory:

Hand Weapons
 a - a +0 long sword (weapon)
Armour
 b - a +0 scale mail (worn)
 c - a +0 shield (worn)
 m - a +0 pair of gloves (worn)
Jewellery
 o - an uncursed ring of fire
 r - an amulet of regeneration (around neck)
Scrolls
 g - 3 scrolls of identify
 k - 3 scrolls of amnesia
 l - a scroll of magic mapping
 q - a scroll of remove curse
Potions
 d - a potion of might
 e - a potion of degeneration {unknown}
 j - a potion of flight
Comestibles
 f - 3 bread rations
 n - 2 meat rations


   Skills:
 + Level 4.6 Fighting
 - Level 5.1 Long Blades
 - Level 3.0 Armour
 - Level 3.0 Shields


You had 5 spell levels left.
You didn't know any spells.

Dungeon Overview and Level Annotations

Branches:
Dungeon (4/15)
 Temple: D:4-7

Altars:
Ashenzari


Message History

Your scale mail prevents you from hitting the gnoll.
You block the orc priest's attack. The gnoll hits you with a spear!
* * * LOW HITPOINT WARNING * * *
You barely miss the gnoll. The gnoll barely misses you.
The orc priest hits you but does no damage.
You barely miss the gnoll. You block the gnoll's attack.
You block the orc priest's attack. You block the gnoll's attack.
The orc priest miscasts a cantrip.
The orc wizard gestures at you while chanting.
The magic dart hits you!
* * * LOW HITPOINT WARNING * * *
The orc priest mumbles some strange prayers to Beogh against you.
Beogh smites you!
* * * LOW HITPOINT WARNING * * *
The orc wizard barely misses you.
There is a stone staircase leading up here.
The orc wizard gestures at you while chanting.
The magic dart hits you!
You die...

............#.....#
..o.........#.....#
....o.......$.....#
.....o%.....#.....#
.<..........#.....#
##..........#.....# *******
#.....##....#.....########.,>,,*
..#(.###)...#.....##........,,,*
##...#*#..##....@o.g.###....,,,*
*#..##*..o#..#######.....#,,,,,*
*#...,,.....##.......#####******
,....,..#.####....o.##...#
*,,,,,..*..,.............#
,,,,,...,.#*#.......##...#
,,**,,,**,,,........#*,..#
**,,,,,,,,,,....)...#**,##
,,,**,,,*,,*##.....o##*,**


You could see an orc wizard and a gnoll.

Vanquished Creatures
  An orc wizard (D:4)
  An orc priest (D:3)
  Terence (D:2)
  A worker ant (D:4)
  6 adders
  3 worms
  2 dart slugs
  11 orcs
  3 ball pythons
  4 giant cockroaches
  4 goblins
  10 hobgoblins
  8 jackals
  2 quokkas
  3 bats (D:1)
  2 giant newts (D:3)
  7 kobolds
  A quokka skeleton (D:4)
  7 rats
77 creatures vanquished.

Notes
Turn   | Place    | Note
--------------------------------------------------------------
     0 | D:1      | WarriorsX the Human Fighter began the quest for the Orb.
     0 | D:1      | Reached XP level 1. HP: 18/18 MP: 1/1
    79 | D:1      | Reached XP level 2. HP: 11/24 MP: 2/2
   150 | D:1      | Reached skill level 3 in Long Blades
   194 | D:1      | Reached XP level 3. HP: 15/29 MP: 3/3
   802 | D:2      | Noticed Terence
   807 | D:2      | Killed Terence
   807 | D:2      | Reached skill level 4 in Long Blades
   807 | D:2      | Reached XP level 4. HP: 25/35 MP: 4/4
   961 | D:2      | Found a shattered altar of Ashenzari.
  1589 | D:3      | Reached skill level 5 in Long Blades
  1589 | D:3      | Reached XP level 5. HP: 39/41 MP: 5/5
  2516 | D:4      | Gained mutation: You tend to lose your temper in combat. [potion of mutation]
  2516 | D:4      | Gained mutation: Your spells are a little easier to cast, but a little less powerful. [potion of mutation]
  2516 | D:4      | Lost mutation: You tend to lose your temper in combat. [potion of mutation]
  2522 | D:4      | Lost mutation: Your spells are a little easier to cast, but a little less powerful. [potion of cure mutation]
  2570 | D:3      | Reached XP level 6. HP: 48/48 MP: 6/6
  2727 | D:4      | HP: 1/49 [orc priest/divine providence (14)]
  2732 | D:4      | Killed from afar by an orc wizard

Skill      XL: |  1  2  3  4  5  6 |
---------------+-------------------+-----
Long Blades    | 3 4 5 |  5.1
Fighting       | 4 |  4.6
Armour         | |  3.0
Shields        | |  3.0

Action                   |  1- 3 |  4- 6 || total
-------------------------+-------+-------++-------
Melee: Long sword        |    86 |   183 ||   269
  Use: Scroll            |       |     9 ||     9
       Potion            |       |     4 ||     4
  Eat: Chunk             |       |     4 ||     4
Armor: Scale mail        |    36 |    76 ||   112
Dodge: Dodged            |    18 |    56 ||    74
Block: Shield            |    37 |    88 ||   125
